[ AOE2 MATCH · #505523791 ]
UnrankedAztecs vs Huns
Player's team · LOSS
Rival team · WIN
[ REPLAY ANALYSIS · EXTRACTED FROM THE RECORDED GAME ]
Feudal
13:25
Castle
20:41
Imperial
40:15
| APM avg | 83.8 |
| APM peak | 170 |
| eAPM avg | 49.7 |
| Villagers / military | 164 / 379 |
Focus
⚔️ 43.8% · 🌾 56.2%
Eagle Scout ×123 · Skirmisher ×106 · Spearman ×65 · Jaguar Warrior ×32 · Archer ×31 · Trebuchet (Packed) ×7
Feudal
10:04
Castle
22:16
Imperial
37:29
| APM avg | 38.1 |
| APM peak | 79 |
| eAPM avg | 16.5 |
| Villagers / military | 139 / 136 |
Focus
⚔️ 31.9% · 🌾 68.1%
Militia ×41 · Cavalry Archer ×41 · Knight ×23 · Tarkan ×14 · Trebuchet (Packed) ×10 · Monk ×5
Match map
Initial resources + every placement click. Lines = walls · curves = elevation contours. ◆ gold · ⬟ stone · ● berries · ✦ relic · ◌ wall gap
Your base· ✓ Closed at 20:41 · 69t walls · no gate
Eugene's base· Open — opponent sealed themselves in
Smoothed initial terrain · ◌ = detected wall gap · hover for details
Inputs per minute
— OaRMäR - - Eugene
Build order — OaRMäR
First 150 of 791 actions detected
| 0:00 | Create | Villager (Male) |
| 0:00 | Create | Villager (Male) |
| 0:01 | Create | Villager (Male) |
| 0:04 | Build | House |
| 0:07 | Build | House |
| 0:28 | Create | Villager (Male) |
| 0:28 | Create | Villager (Male) |
| 1:24 | Create | Villager (Male) |
| 2:10 | Create | Villager (Male) |
| 2:10 | Create | Villager (Male) |
| 2:17 | Create | Villager (Male) |
| 2:23 | Build | Lumber Camp |
| 2:57 | Create | Villager (Male) |
| 3:05 | Create | Villager (Male) |
| 4:03 | Build | House |
| 4:06 | Create | Villager (Male) |
| 4:07 | Create | Villager (Male) |
| 4:29 | Build | Palisade Wall |
| 4:53 | Create | Villager (Male) |
| 4:54 | Create | Villager (Male) |
| 4:54 | Create | Villager (Male) |
| 5:19 | Build | Barracks |
| 5:25 | Build | House |
| 5:46 | Create | Villager (Male) |
| 6:06 | Build | Palisade Wall |
| 6:09 | Build | Palisade Wall |
| 6:10 | Build | Palisade Wall |
| 6:13 | Create | Villager (Male) |
| 6:13 | Create | Villager (Male) |
| 6:17 | Build | House |
| 6:20 | Create | Militia |
| 6:42 | Create | Villager (Male) |
| 6:43 | Create | Militia |
| 6:51 | Build | Palisade Wall |
| 6:54 | Build | Palisade Wall |
| 6:56 | Build | Palisade Wall |
| 7:04 | Create | Militia |
| 7:05 | Create | Villager (Male) |
| 7:29 | Create | Militia |
| 7:34 | Create | Militia |
| 7:36 | Create | Villager (Male) |
| 7:44 | Build | Palisade Wall |
| 8:17 | Build | Mill |
| 8:30 | Create | Villager (Male) |
| 8:31 | Create | Villager (Male) |
| 8:35 | Research | Loom |
| 8:42 | Create | Villager (Male) |
| 8:47 | Build | Palisade Wall |
| 8:50 | Create | Villager (Male) |
| 9:11 | Build | Farm |
| 9:16 | Build | Farm |
| 9:33 | Build | House |
| 9:43 | Build | House |
| 9:51 | Create | Villager (Male) |
| 10:14 | Build | Farm |
| 10:43 | Build | Palisade Wall |
| 11:15 | Research | Feudal Age |
| 11:15 | Research | Feudal Age |
| 11:31 | Build | Farm |
| 11:48 | Build | House |
| 11:51 | Build | Mining Camp |
| 12:22 | Build | House |
| 12:48 | Build | Palisade Wall |
| 12:49 | Build | Palisade Wall |
| 12:49 | Build | Palisade Wall |
| 12:57 | Build | House |
| 13:25 | Age | Feudal Age |
| 13:28 | Build | Archery Range |
| 13:42 | Create | Villager (Male) |
| 13:43 | Create | Villager (Male) |
| 13:45 | Research | Double-Bit Axe |
| 13:49 | Build | Palisade Wall |
| 13:55 | Build | House |
| 13:58 | Build | House |
| 14:07 | Create | Villager (Male) |
| 14:14 | Create | Villager (Male) |
| 14:18 | Create | Archer |
| 14:32 | Build | Farm |
| 14:43 | Build | House |
| 14:46 | Create | Villager (Male) |
| 14:59 | Create | Villager (Male) |
| 15:08 | Build | Lumber Camp |
| 15:15 | Build | House |
| 15:19 | Build | House |
| 15:26 | Create | Archer |
| 15:48 | Research | Wheelbarrow |
| 15:57 | Create | Archer |
| 16:22 | Create | Archer |
| 16:38 | Build | Blacksmith |
| 17:05 | Create | Archer |
| 17:27 | Build | Watch Tower |
| 17:29 | Build | House |
| 17:48 | Build | Palisade Wall |
| 18:01 | Research | Castle Age |
| 18:21 | Build | Watch Tower |
| 18:23 | Build | House |
| 18:28 | Build | House |
| 18:29 | Create | Archer |
| 18:39 | Build | House |
| 18:42 | Build | Palisade Wall |
| 18:43 | Build | Palisade Wall |
| 18:44 | Build | Palisade Wall |
| 18:48 | Build | House |
| 18:54 | Create | Archer |
| 19:03 | Build | House |
| 19:18 | Create | Villager (Male) |
| 19:24 | Build | Archery Range |
| 19:26 | Build | Farm |
| 19:26 | Build | Farm |
| 19:27 | Create | Villager (Male) |
| 19:44 | Build | Mining Camp |
| 19:56 | Create | Archer |
| 19:57 | Create | Archer |
| 19:57 | Create | Archer |
| 20:23 | Create | Archer |
| 20:26 | Create | Archer |
| 20:27 | Create | Archer |
| 20:27 | Create | Archer |
| 20:36 | Build | House |
| 20:36 | Build | House |
| 20:40 | Build | Farm |
| 20:41 | Age | Castle Age |
| 20:49 | Research | Fletching |
| 21:13 | Build | Market |
| 21:25 | Build | Watch Tower |
| 21:56 | Research | Crossbowman (upgrade) |
| 21:57 | Research | Crossbowman (upgrade) |
| 22:03 | Create | Villager (Male) |
| 22:03 | Create | Villager (Male) |
| 22:05 | Create | Archer |
| 22:13 | Build | Farm |
| 22:15 | Build | Farm |
| 22:24 | Build | House |
| 22:26 | Build | House |
| 22:41 | Create | Archer |
| 22:42 | Create | Archer |
| 22:45 | Build | Farm |
| 22:46 | Create | Villager (Male) |
| 22:52 | Build | Watch Tower |
| 23:10 | Create | Villager (Male) |
| 23:22 | Build | Farm |
| 23:35 | Create | Villager (Male) |
| 23:35 | Create | Villager (Male) |
| 23:38 | Create | Archer |
| 23:38 | Create | Archer |
| 23:46 | Create | Villager (Male) |
| 23:54 | Build | Watch Tower |
| 24:05 | Build | House |
| 24:06 | Build | House |
| 24:20 | Create | Villager (Male) |
Build order — Eugene
First 150 of 402 actions detected
| 0:04 | Research | Loom |
| 0:04 | Create | Villager (Male) |
| 0:18 | Create | Villager (Male) |
| 0:19 | Create | Villager (Male) |
| 0:30 | Create | Villager (Male) |
| 1:13 | Create | Villager (Male) |
| 1:13 | Create | Villager (Male) |
| 2:05 | Create | Villager (Male) |
| 2:17 | Build | Lumber Camp |
| 2:25 | Create | Villager (Male) |
| 3:14 | Create | Villager (Male) |
| 3:14 | Create | Villager (Male) |
| 3:39 | Create | Villager (Male) |
| 3:39 | Create | Villager (Male) |
| 4:06 | Create | Villager (Male) |
| 4:06 | Create | Villager (Male) |
| 4:28 | Build | Mill |
| 4:34 | Create | Villager (Male) |
| 4:34 | Create | Villager (Male) |
| 5:07 | Create | Villager (Male) |
| 5:30 | Create | Villager (Male) |
| 5:50 | Build | Palisade Wall |
| 6:06 | Build | Mining Camp |
| 6:10 | Create | Villager (Male) |
| 6:48 | Build | Palisade Wall |
| 7:34 | Build | Barracks |
| 7:54 | Research | Feudal Age |
| 8:19 | Build | Palisade Wall |
| 8:30 | Build | Palisade Wall |
| 8:31 | Build | Palisade Wall |
| 8:31 | Build | Palisade Wall |
| 8:33 | Create | Militia |
| 8:34 | Create | Militia |
| 8:57 | Create | Militia |
| 9:10 | Build | Palisade Wall |
| 9:13 | Create | Militia |
| 9:19 | Build | Palisade Wall |
| 9:21 | Build | Palisade Wall |
| 9:47 | Create | Villager (Male) |
| 9:56 | Create | Militia |
| 10:04 | Age | Feudal Age |
| 10:07 | Build | Blacksmith |
| 10:20 | Build | Palisade Wall |
| 10:23 | Research | Man-at-Arms (upgrade) |
| 10:30 | Create | Villager (Male) |
| 10:56 | Create | Villager (Male) |
| 11:28 | Build | Farm |
| 11:29 | Create | Villager (Male) |
| 11:43 | Build | Farm |
| 11:44 | Create | Villager (Male) |
| 12:08 | Build | Farm |
| 12:14 | Research | Double-Bit Axe |
| 12:26 | Build | Farm |
| 13:09 | Build | Farm |
| 13:10 | Build | Farm |
| 13:12 | Build | Farm |
| 13:17 | Create | Villager (Male) |
| 13:24 | Build | Farm |
| 13:46 | Create | Villager (Male) |
| 13:48 | Build | Farm |
| 13:54 | Build | Farm |
| 14:00 | Research | Horse Collar |
| 14:00 | Research | Horse Collar |
| 14:46 | Build | Market |
| 14:49 | Create | Villager (Male) |
| 14:53 | Build | Farm |
| 15:13 | Research | Scale Mail Armor |
| 15:18 | Create | Militia |
| 15:48 | Create | Militia |
| 15:59 | Create | Villager (Male) |
| 16:04 | Build | Farm |
| 16:05 | Build | Farm |
| 16:14 | Build | Farm |
| 16:51 | Build | Farm |
| 17:02 | Build | Watch Tower |
| 17:16 | Research | Fletching |
| 17:24 | Create | Militia |
| 18:27 | Build | Farm |
| 18:34 | Create | Villager (Male) |
| 18:39 | Build | Lumber Camp |
| 18:51 | Build | Mining Camp |
| 19:36 | Research | Castle Age |
| 20:13 | Research | Gold Mining |
| 21:24 | Create | Villager (Male) |
| 21:24 | Create | Villager (Male) |
| 22:16 | Age | Castle Age |
| 22:18 | Create | Villager (Male) |
| 22:21 | Research | Bow Saw |
| 22:28 | Build | Town Center |
| 22:41 | Create | Villager (Male) |
| 22:41 | Create | Villager (Male) |
| 22:41 | Create | Villager (Male) |
| 23:45 | Create | Villager (Male) |
| 23:47 | Create | Villager (Male) |
| 24:01 | Create | Villager (Male) |
| 24:01 | Create | Villager (Male) |
| 24:01 | Create | Villager (Male) |
| 24:02 | Create | Villager (Male) |
| 24:02 | Create | Villager (Male) |
| 24:18 | Research | Wheelbarrow |
| 24:30 | Build | Siege Workshop |
| 24:34 | Create | Villager (Male) |
| 24:35 | Create | Villager (Male) |
| 24:36 | Create | Villager (Male) |
| 24:36 | Create | Villager (Male) |
| 24:44 | Research | Squires |
| 24:54 | Build | Palisade Wall |
| 24:58 | Build | Palisade Wall |
| 25:04 | Create | Mangonel |
| 25:09 | Create | Militia |
| 25:15 | Create | Villager (Male) |
| 25:16 | Create | Villager (Male) |
| 25:27 | Build | Mining Camp |
| 25:46 | Build | Monastery |
| 25:47 | Create | Villager (Male) |
| 25:47 | Create | Villager (Male) |
| 26:07 | Create | Villager (Male) |
| 26:07 | Create | Villager (Male) |
| 26:22 | Create | Monk |
| 27:21 | Create | Villager (Male) |
| 27:21 | Create | Villager (Male) |
| 27:21 | Create | Villager (Male) |
| 27:29 | Create | Monk |
| 27:34 | Create | Villager (Male) |
| 27:34 | Create | Villager (Male) |
| 27:59 | Build | Farm |
| 27:59 | Build | Farm |
| 27:59 | Build | Farm |
| 27:59 | Build | Farm |
| 28:13 | Create | Monk |
| 28:24 | Create | Villager (Male) |
| 28:24 | Create | Villager (Male) |
| 28:34 | Build | Farm |
| 28:35 | Build | Farm |
| 29:15 | Create | Villager (Male) |
| 29:19 | Research | Stone Mining |
| 29:21 | Create | Villager (Male) |
| 29:21 | Create | Villager (Male) |
| 29:29 | Build | Farm |
| 29:36 | Research | Heavy Plow |
| 29:58 | Create | Mangonel |
| 30:27 | Build | Farm |
| 30:29 | Create | Villager (Male) |
| 30:30 | Create | Villager (Male) |
| 30:30 | Create | Villager (Male) |
| 30:30 | Create | Villager (Male) |
| 31:12 | Research | Chain Mail Armor |
| 31:16 | Create | Militia |
| 31:17 | Research | Long Swordsman (upgrade) |
| 31:44 | Create | Villager (Male) |
Match timeline
| 4:29 | OaRMäR · wall_segment Palisade Wall x1 |
| 5:19 | OaRMäR · first_building Barracks |
| 5:50 | Eugene · wall_segment Palisade Wall x4 |
| 6:06 | OaRMäR · wall_segment Palisade Wall x6 |
| 6:09 | OaRMäR · wall_segment Palisade Wall x7 |
| 6:10 | OaRMäR · wall_segment Palisade Wall x7 |
| 6:48 | Eugene · wall_segment Palisade Wall x3 |
| 6:51 | OaRMäR · wall_segment Palisade Wall x3 |
| 6:54 | OaRMäR · wall_segment Palisade Wall x6 |
| 6:56 | OaRMäR · wall_segment Palisade Wall x6 |
| 7:34 | Eugene · first_building Barracks |
| 7:44 | OaRMäR · wall_segment Palisade Wall x16 |
| 8:19 | Eugene · wall_segment Palisade Wall x4 |
| 8:30 | Eugene · wall_segment Palisade Wall x3 |
| 8:31 | Eugene · wall_segment Palisade Wall x1 |
| 8:31 | Eugene · wall_segment Palisade Wall x1 |
| 8:47 | OaRMäR · wall_segment Palisade Wall x4 |
| 9:10 | Eugene · wall_segment Palisade Wall x3 |
| 9:19 | Eugene · wall_segment Palisade Wall x1 |
| 9:21 | Eugene · wall_segment Palisade Wall x1 |
| 10:04 | Eugene · age_up feudal |
| 10:20 | Eugene · wall_segment Palisade Wall x2 |
| 10:43 | OaRMäR · wall_segment Palisade Wall x6 |
| 12:48 | OaRMäR · wall_segment Palisade Wall x3 |
| 12:49 | OaRMäR · wall_segment Palisade Wall x1 |
| 12:49 | OaRMäR · wall_segment Palisade Wall x1 |
| 13:25 | OaRMäR · age_up feudal |
| 13:28 | OaRMäR · first_building Archery Range |
| 13:49 | OaRMäR · wall_segment Palisade Wall x1 |
| 17:48 | OaRMäR · wall_segment Palisade Wall x1 |
| 18:42 | OaRMäR · wall_segment Palisade Wall x1 |
| 18:43 | OaRMäR · wall_segment Palisade Wall x1 |
| 18:44 | OaRMäR · wall_segment Palisade Wall x1 |
| 19:34 | Eugene · first_market_buy 100 food |
| 20:41 | OaRMäR · age_up castle |
| 22:16 | Eugene · age_up castle |
| 24:22 | Eugene · first_market_sell 100 food |
| 24:30 | Eugene · first_building Siege Workshop |
| 24:54 | Eugene · wall_segment Palisade Wall x4 |
| 24:58 | Eugene · wall_segment Palisade Wall x4 |
| 25:46 | Eugene · first_building Monastery |
| 26:02 | OaRMäR · first_building Siege Workshop |
| 26:12 | OaRMäR · first_market_buy 100 stone |
| 27:20 | OaRMäR · first_building Castle |
| 31:27 | OaRMäR · first_market_sell 100 stone |
| 32:27 | OaRMäR · wall_segment Palisade Wall x1 |
| 32:41 | OaRMäR · wall_segment Stone Wall x12 |
| 33:23 | Eugene · first_building Castle |
| 34:06 | Eugene · first_building Archery Range |
| 37:29 | Eugene · age_up imperial |
| 40:15 | OaRMäR · age_up imperial |
| 44:58 | Eugene · wall_segment Stone Wall x1 |
| 45:00 | Eugene · wall_segment Stone Wall x11 |
| 45:39 | Eugene · wall_segment Stone Wall x11 |
| 46:41 | Eugene · wall_segment Stone Wall x1 |
| 47:02 | Eugene · wall_segment Stone Wall x3 |
| 47:13 | Eugene · wall_segment Stone Wall x14 |
| 48:09 | Eugene · wall_segment Stone Wall x15 |
| 48:15 | Eugene · wall_segment Stone Wall x10 |
| 52:23 | Eugene · wall_segment Stone Wall x7 |
| 52:29 | Eugene · wall_segment Stone Wall x13 |
| 52:35 | Eugene · wall_segment Stone Wall x5 |
| 52:39 | Eugene · wall_segment Stone Wall x6 |
| 52:42 | Eugene · wall_segment Stone Wall x4 |
| 53:30 | Eugene · first_building Stable |
| 63:16 | OaRMäR · resign |
[ AI ANALYSIS · 1 CREDIT ]
What really happened in this match?
Wolo.gg analyzes every decision: build order, eco, micro, common mistakes by bracket. Personalized analysis on WhatsApp or Discord in 30 seconds.
Civ guide
Aztecs
Perfil
Jugador #2106972